 Dungeon Crawl Stone Soup version 0.23-a0-356-g1757c6e (webtiles) character file.

3 Hilur the Magician (level 1, 0/13 HPs)
             Began as a Gnoll Wanderer on Oct 21, 2018.
             Slain by a hobgoblin (2 damage)
             ... on level 1 of the Dungeon.
             The game lasted 00:01:11 (71 turns).

Hilur the Magician (Gnoll Wanderer)                   Turns: 71, Time: 00:01:12

Health: 0/13       AC:  2    Str: 13    XL:     1   Next: 50%
Magic:  8/8        EV:  8    Int: 18    God:
Gold:   0          SH:  8    Dex: 11    Spells: 14/14 levels left

rFire    . . .     SeeInvis .   e - +0 club
rCold    . . .     Gourm    .   a - +0 shield
rNeg     . . .     Faith    .   d - +0 robe
rPois    .         Spirit   .   (no helmet)
rElec    .         Reflect  .   (no cloak)
rCorr    .         Harm     .   (no gloves)
MR       .....                  (no boots)
Stlth    +.........             (no amulet)
HPRegen  0.04/turn              (no ring)
MPRegen  0.11/turn              (no ring)

@: no status effects
A: distributed training, fangs 1, strong nose
a: no special abilities


You were on level 1 of the Dungeon.
You were not hungry.

You visited 1 branch of the dungeon, and saw 1 of its levels.

Inventory:

Hand Weapons
 e - a +0 club (weapon)
Armour
 a - a +0 shield (worn)
 d - a +0 robe (worn)
Scrolls
 b - a scroll of random uselessness {unknown}
Comestibles
 f - a ration


   Skills:
 + Level 0.0 Fighting
 + Level 0.0 Short Blades
 + Level 0.0 Long Blades
 + Level 0.0 Axes
 + Level 0.0 Maces & Flails
 + Level 0.0 Polearms
 + Level 0.0 Staves
 + Level 0.0 Slings
 + Level 0.0 Bows
 + Level 0.0 Crossbows
 + Level 0.0 Throwing
 + Level 0.0 Armour
 + Level 0.0 Dodging
 + Level 0.0 Stealth
 + Level 2.3 Shields
 + Level 0.0 Unarmed Combat
 + Level 7.0 Spellcasting
 + Level 0.0 Conjurations
 + Level 1.9 Hexes
 + Level 1.9 Charms
 + Level 0.0 Summonings
 + Level 0.0 Necromancy
 + Level 1.9 Translocations
 + Level 0.0 Transmutations
 + Level 0.0 Fire Magic
 + Level 0.0 Ice Magic
 + Level 3.6 Air Magic
 + Level 0.0 Earth Magic
 + Level 0.0 Poison Magic
 + Level 0.1 Invocations
 + Level 2.3 Evocations


You had 14 spell levels left.
You didn't know any spells.
Your spell library contained the following spells:

 Spells                   Type           Power        Failure   Level  Hunger
 Flame Tongue             Conj/Fire      #....        50%         1    None
 Freeze                   Ice            #...         50%         1    None
 Ozocubu's Armour         Chrm/Ice       ##......     73%         3    ##.....
 Conjure Flame            Conj/Fire      #.......     86%         3    ##.....


Dungeon Overview and Level Annotations

Branches:
Dungeon (1/15)

Altars:


Innate Abilities, Weirdness & Mutations

Your experience applies equally to all skills.
You have very sharp teeth.
Your uncanny sense of smell can sniff out nearby items.


Message History

The hobgoblin hits you but does no damage.
You hit the hobgoblin.
The hobgoblin is moderately wounded.
You block the frilled lizard's attack. You block the goblin's attack.
The hobgoblin hits you. The frilled lizard barely misses you.
You barely miss the hobgoblin.
The hobgoblin is moderately wounded.
The goblin hits you with a +0 dagger. You block the hobgoblin's attack.
The frilled lizard closely misses you.
A goblin comes into view.
The goblin hits you with a +0 dagger.
* * * LOW HITPOINT WARNING * * *
You block the hobgoblin's attack.
A rat comes into view.
A rat comes into view.
You block the rat's attack.
You barely miss the rat. The rat bites you.
* * * LOW HITPOINT WARNING * * *
The hobgoblin hits you.
You die...

#.#........)....##
#.#######g.........
# #.##.#####. #.#
.### #####.##....
#...l.......#
#.....#####.#
#l#########.#### ∆
#.# #.@r......
#.###.#####g###.####
#....g.r.rl.#
#####.####### #.# ∆
... .... #....
...... ∆


You could see a hobgoblin, a frilled lizard and 2 rats.

Vanquished Creatures
  A dart slug (D:1)
  A rat (D:1)
2 creatures vanquished.

Notes
Turn   | Place    | Note
-------+----------+-------------------------------------------
     0 | D:1      | Hilur the Gnoll Wanderer began the quest for the Orb.
     0 | D:1      | Hilur set off with: a +0 shield, a +0 robe, a +0 club, a
                  | ration
     0 | D:1      | Reached XP level 1. HP: 13/13 MP: 8/8
    71 | D:1      | Slain by a hobgoblin

Vault maps used:
D:1:      tarquinn_simple_flora_water_d

Action                   || total
-------------------------++-------
Melee: Club              ||    17
       Bite              ||     2
Armor: Robe              ||     3
Dodge: Dodged            ||     6
Block: Shield            ||    11

Table legend:
 A = Non-vault XP
 B = Vault XP
 C = Vault XP percentage of total XP
 D = Non-vault monster count
 E = Vault monster count
 F = Vault count percentage of total count
                 A         B        C        D         E       F
            +---------+---------+-------+---------+---------+-------
      Total |       5 |       0 |   0.0 |       2 |       0 |   0.0
            +---------+---------+-------+---------+---------+-------
        D:1 |       5 |       0 |   0.0 |       2 |       0 |   0.0
            +---------+---------+-------+---------+---------+-------
